 Dungeon Crawl Stone Soup version 0.26.0-10-g1f06aea511 (webtiles) character file.

Game seed: 13244007113063213925

2336 MisterFreud the Destroyer (level 9, -1/65 HPs)
             Began as a Demonspawn Conjurer on Jan 27, 2021.
             Slain by an orc warrior
             ... wielding a +0 hand axe
              (16 damage)
             ... on level 6 of the Dungeon.
             The game lasted 00:18:42 (8677 turns).

MisterFreud the Destroyer (Demonspawn Conjurer)     Turns: 8677, Time: 00:18:43

Health: -1/65      AC:  4    Str:  9    XL:     9   Next: 19%
Magic:  15/15      EV: 12    Int: 22    God:
Gold:   360        SH:  0    Dex: 11    Spells: 11/16 levels left

rFire    . . .     SeeInvis .   s - +0 rapier (drain)
rCold    . . .     Faith    .   (no shield)
rNeg     . . .     Spirit   .   a - +0 robe
rPois    .         Reflect  .   (helmet restricted)
rElec    .         Harm     .   (no cloak)
rCorr    +         Rampage  .   r - +1 pair of gloves
Will     .....                  (no boots)
Stlth    +++.......             l - amulet of magic regeneration
HPRegen  0.20/turn              i - ring of stealth
MPRegen  0.39/turn              v - ring of resist corrosion

@: no status effects
A: antennae 1, miasma immunity
a: no special abilities


You were on level 6 of the Dungeon.
You visited 1 branch of the dungeon, and saw 7 of its levels.

You collected 360 gold pieces.

Inventory:

Hand Weapons
 b - a +0 short sword
 s - a +0 rapier of draining (weapon)
Missiles
 q - 46 poisoned darts
 z - 3 boomerangs
 E - 2 boomerangs of dispersal
Armour
 a - a +0 robe (worn)
 r - a +1 pair of gloves (worn)
Jewellery
 i - a ring of stealth (left hand)
 l - an amulet of magic regeneration (around neck)
 v - a ring of resist corrosion (right hand)
Wands
 y - a wand of random effects (17)
Scrolls
 c - 2 scrolls of identify
 e - 4 scrolls of teleportation {unknown}
 f - 5 scrolls of amnesia {unknown}
 h - a scroll of magic mapping {unknown}
 j - a scroll of noise {unknown}
 k - 4 scrolls of remove curse
 m - 2 scrolls of fog {unknown}
 n - 3 scrolls of enchant armour {unknown}
 o - a scroll of holy word {unknown}
 p - a scroll of fear {unknown}
 u - 2 scrolls of blinking {unknown}
 C - a scroll of immolation {unknown}
Potions
 d - 2 potions of haste
 g - 2 potions of lignification
 t - 3 potions of curing
 w - a potion of berserk rage
 x - 3 potions of heal wounds
 A - a potion of magic
 B - a potion of cancellation
 D - a potion of flight


   Skills:
 + Level 3.8 Fighting
 - Level 1.7 Dodging
 - Level 1.7 Stealth
 - Level 4.0 Spellcasting
 - Level 10.0 Conjurations
 - Level 6.0 Hexes


You had 11 spell levels left.
You knew the following spells:

 Your Spells              Type           Power        Failure   Level
a - Magic Dart            Conj           100%         1%          1
b - Fulminant Prism       Conj/Hex       19%          4%          4

Your spell library contained the following spells:

 Spells                   Type           Power        Failure   Level
 Searing Ray              Conj           96%          1%          2
 Dazzling Flash           Conj/Hex       78%          1%          3
 Confusing Touch          Hex            30%          2%          3
 Iskenderun's Mystic Bla  Conj/Tloc      26%          14%         4
 Gell's Gravitas          Tloc           2%           32%         3
 Metabolic Englaciation   Hex/Ice        8%           65%         5
 Yara's Violent Unravell  Hex/Tmut       8%           65%         5
 Petrify                  Tmut/Erth      4%           73%         4


Dungeon Overview and Level Annotations

Branches:
Dungeon (7/15)
 Temple: D:4-7

Altars:
Ashenzari
Fedhas
Makhleb
Nemelex Xobeh
Okawaru
Ru
Uskayaw
Wu Jian
Zin
The Shining One

Shops:
D:4 =   D:5 (

Annotations:
D:4 Menkaure
D:5 exclusion: ogre


Innate Abilities, Weirdness & Mutations

You have a pair of small antennae on your head.
You are immune to miasma.


Message History

Unknown command.
Unknown command.
You completely miss the orc warrior.
The orc warrior is lightly wounded.
The orc warrior hits you with a +0 hand axe!
You hit the orc warrior but do no damage.
The orc warrior is lightly wounded.
The orc warrior barely misses you.
You closely miss the orc warrior.
The orc warrior is lightly wounded.
The orc warrior hits you with a +0 hand axe!
* * * LOW HITPOINT WARNING * * *
The orc warrior barely misses you.
You barely miss the orc warrior.
The orc warrior is lightly wounded.
The orc warrior completely misses you.
You hit the orc warrior but do no damage.
The orc warrior is lightly wounded.
The orc warrior hits you with a +0 hand axe!
You die...

### ###.# #...# ####.#.#
#####....#.# #.....####.#
################.########.#
................@.........#
....############o########.#
....## #.....# #.# .....#
#.###.# ##### .....# #.#
#.# #...# .....## #.#
#.####.#.# ......#
#####.###......#.# ....#.##
#......#########.#
....#..#####.###..#
#.......#


You could see an orc warrior.

Vanquished Creatures
  Pikel (D:4)
  Grinder (D:3)
  Prince Ribbit (D:6)
  A water moccasin (D:6)
  An orc warrior (D:3)
  2 phantoms
  An ogre (D:7)
  A centaur (D:6)
  3 lemures
  2 scorpions
  6 wights
  An orc priest (D:5)
  3 hounds
  4 orc wizards
  6 worker ants
  3 gnolls
  5 adders
  3 shadow imps
  4 white imps
  2 ufetubi
  An ooze (D:3)
  An adder zombie (D:5)
  An adder skeleton (D:7)
  3 worms
  2 dart slugs
  4 leopard geckos
  18 orcs
  5 giant cockroaches
  6 goblins
  7 hobgoblins
  9 jackals
  2 quokkas
  4 ball pythons
  6 bats
  A jackal skeleton (D:6)
  8 kobolds
  8 rats
137 creatures vanquished.

Vanquished Creatures (others)
  18 fulminant prisms
  3 plants (D:2)
21 creatures vanquished.

Grand Total: 158 creatures vanquished

Notes
Turn   | Place    | Note
-------+----------+-------------------------------------------
     0 | D:1      | MisterFreud the Demonspawn Conjurer began the quest for the
                  | Orb.
     0 | D:1      | Reached XP level 1. HP: 13/13 MP: 3/3
   236 | D:1      | Gained mutation: You are immune to miasma. [demonic
                  | ancestry]
   236 | D:1      | Reached XP level 2. HP: 19/19 MP: 3/5
  1115 | D:2      | Reached skill level 5 in Conjurations
  1115 | D:2      | Reached XP level 3. HP: 24/24 MP: 1/6
  1643 | D:2      | Reached XP level 4. HP: 30/30 MP: 2/7
  1683 | D:2      | Found a broken altar of Ashenzari.
  1683 | D:2      | Found an ornate altar of the Wu Jian Council.
  2551 | D:3      | Noticed Grinder
  2644 | D:3      | Reached XP level 5. HP: 35/35 MP: 4/9
  2672 | D:3      | Paralysed by Grinder for 5 turns
  2679 | D:3      | You fall into a shaft and drop 3 floors!
  2892 | D:6      | Reached skill level 6 in Conjurations
  3120 | D:6      | Learned a level 4 spell: Fulminant Prism
  3122 | D:6      | Noticed a phantom
  3142 | D:5      | Entered Level 5 of the Dungeon
  3413 | D:5      | Noticed an ogre
  3602 | D:5      | Reached XP level 6. HP: 35/41 MP: 6/11
  3940 | D:5      | Found a blossoming altar of Fedhas.
  4010 | D:4      | Found a glowing golden altar of the Shining One.
  4010 | D:4      | Found a glowing silver altar of Zin.
  4010 | D:4      | Found an iron altar of Okawaru.
  4039 | D:4      | Found a hide-covered altar of Uskayaw.
  4039 | D:4      | Found a sparkling altar of Nemelex Xobeh.
  4046 | D:4      | Reached skill level 1 in Hexes
  4170 | D:4      | Found a burning altar of Makhleb.
  4185 | D:4      | Found Fonav's Jewellery Emporium.
  4372 | D:4      | Noticed Pikel
  5024 | D:4      | Killed Pikel
  5025 | D:4      | Reached skill level 7 in Conjurations
  5025 | D:4      | Reached XP level 7. HP: 5/46 MP: 8/13
  5377 | D:4      | Noticed Menkaure
  5381 | D:5      | Found a sacrificial altar of Ru.
  5455 | D:5      | Found Hyitass's Antique Weapon Emporium.
  6065 | D:3      | Reached skill level 8 in Conjurations
  6156 | D:3      | Reached XP level 8. HP: 52/52 MP: 11/14
  6310 | D:3      | Paralysed by Grinder for 5 turns
  6320 | D:3      | Paralysed by Grinder for 5 turns
  6327 | D:3      | Killed Grinder
  6328 | D:3      | Reached skill level 5 in Hexes
  6893 | D:6      | Noticed Prince Ribbit
  6908 | D:6      | Killed Prince Ribbit
  7020 | D:6      | Reached skill level 9 in Conjurations
  7762 | D:6      | Reached skill level 10 in Conjurations
  7878 | D:6      | Reached skill level 1 in Fighting
  7878 | D:6      | Gained mutation: You have a pair of small antennae on your
                  | head. [demonic ancestry]
  7878 | D:6      | Reached XP level 9. HP: 36/59 MP: 11/15
  8677 | D:6      | Slain by an orc warrior

Illustrated notes

Levels and vault maps discovered:
D:1:      sevenhm_arrival_forest_fort_small_6, layout_basic
D:2:      layout_loops_cross, gammafunk_temple_overflow_elements, serial_forest,
          infiniplex_forest_clump_tiny, infiniplex_forest_lined_room_,
          infiniplex_forest_lined_room_2, infiniplex_forest_clump_double,
          infiniplex_forest_clump_tiny, infiniplex_forest_clump_diagonal,
          infiniplex_forest_3_way
D:3:      layout_loops_ring, minmay_cupped, uniq_grinder
D:4:      layout_loops_ring, grunt_temple_overflow_open, serial_shops,
          shop_fountains, uniq_pikel, uniq_menkaure
D:5:      layout_basic, nicolae_overflow_crystal_walls, lemuel_crystal_altar,
          serial_shops, shop_statue, lemuel_flame_loot_1
D:6:      layout_basic, uniq_prince_ribbit1
D:7:      layout_rooms, lemuel_doored_altar, minmay_temple_entry_proselytizer,
          nicolae_ossuary_entry_plus

Skill      XL: |  1  2  3  4  5  6  7  8  9 |
---------------+----------------------------+-----
Conjurations   | 5 6 7 8 10 | 10.0
Spellcasting   | 3 4 |  4.0
Hexes          | 3 4 6 |  6.0
Fighting       | 1 3 |  3.8
Dodging        | |  1.7
Stealth        | |  1.7

Action                   |  1- 3 |  4- 6 |  7- 9 || total
-------------------------+-------+-------+-------++-------
Melee: Short sword       |     7 |       |       ||     7
       Rapier            |     1 |    46 |    16 ||    63
 Cast: Magic Dart        |    74 |   185 |   197 ||   456
       Fulminant Prism   |       |       |    18 ||    18
  Use: Potion            |       |     1 |       ||     1
       Scroll            |       |       |     8 ||     8
 Stab: Sleeping          |     1 |       |       ||     1
Armor: Robe              |     2 |    20 |    18 ||    40
Dodge: Dodged            |     9 |    71 |    55 ||   135
